 Dungeon Crawl Stone Soup version 0.29.0-13-gc9e81de378 (webtiles) character file.

Game seed: 10933705901641206009

268 keekatzer the Caller (level 6, -3/51 HPs)
             Began as a Ghoul Summoner on Sept 8, 2022.
             Slain by a phantom (6 damage)
             ... on level 4 of the Dungeon.
             The game lasted 00:17:54 (3245 turns).

keekatzer the Caller (Ghoul Summoner)               Turns: 3245, Time: 00:17:54

Health: -3/51      AC:  3    Str: 12    XL:     6   Next: 21%
Magic:  4/8        EV: 12    Int: 10    God:
Gold:   141        SH:  0    Dex: 11    Spells: 4/10 levels left

rFire   . . .      SeeInvis .   c - +0 dagger
rCold   + . .      Faith    .   (no shield)
rNeg    + + +      Spirit   .   a - +0 robe
rPois   ∞          Reflect  .   (no helmet)
rElec   .          Harm     .   (no cloak)
rCorr   .          Rampage  .   e - +0 pair of gloves
Will    .....                   (no boots)
Stlth   ++........              (no amulet)
HPRegen 0.00/turn               (no ring)
MPRegen 0.11/turn               (no ring)

@: inhibited regen
A: claws 1, cold resistance 1, negative energy resistance 3, inhibited
regeneration, torment resistance 2, devour on kill
a: no special abilities


You were on level 4 of the Dungeon.
You visited 1 branch of the dungeon, and saw 4 of its levels.

You collected 141 gold pieces.

Inventory:

Hand Weapons
 c - a +0 dagger (weapon)
Missiles
 l - 4 atropa-tipped darts (quivered)
Armour
 a - a +0 robe (worn)
 e - a +0 pair of gloves (worn)
 h - a +0 leather armour
Magical Staves
 j - a staff of death
 m - a staff of fire
Scrolls
 i - 4 scrolls of teleportation {unknown}
 o - 2 scrolls of identify {unknown}
 p - a scroll of amnesia {unknown}
Potions
 b - a potion of might {unknown}
 d - a potion of curing
 f - a potion of lignification {unknown}
 g - a potion of brilliance {unknown}
 k - a potion of heal wounds {unknown}
 n - a potion of degeneration {unknown}


   Skills:
 - Level 3.0 Fighting
 + Level 2.7 Dodging
 + Level 3.9 Stealth
 + Level 2.5 Spellcasting
 * Level 4.5 Summonings


You had 4 spell levels left.
You knew the following spells:

 Your Spells              Type           Power      Damage    Failure   Level
a - Summon Small Mammal   Summ           40%        N/A       4%          1
b - Call Imp              Summ           10%        N/A       7%          2
c - Call Canine Familiar  Summ           10%        N/A       14%         3

Your spell library contained the following spells:

 Spells                   Type           Power      Damage    Failure   Level
 Summon Guardian Golem    Hex/Summ       5%         N/A       34%         3
 Summon Lightning Spire   Summ/Air       5%         N/A       75%         4
 Summon Hydra             Summ           5%         N/A       100%        7
 Sublimation of Blood     Necr           Unusable   N/A       N/A         2
 Wereblood                Tmut           Unusable   N/A       N/A         2

Dungeon Overview and Level Annotations

Branches:
Dungeon (4/15)
 Temple: D:4-7

Altars:
Gozag
Makhleb

Annotations:
D:4 1 runed translucent door, Persephone's ghost, amateur MiHu


Innate Abilities, Weirdness & Mutations

You are immune to poison.
You have sharp fingernails.
Your flesh is cold resistant. (rC+)
You are immune to negative energy. (rN+++)
You do not regenerate when monsters are visible.
You are immune to unholy pain and torment.
You thrive by killing the living.


Message History

The phantom attacks as you move away! The phantom hits you.
* * * LOW HITPOINT WARNING * * *
Your hound bites the phantom.
Your hound barely misses the phantom.
The phantom hits your white imp.
The phantom blinks!
Your white imp blinks!
Your white imp hits the phantom.
Your white imp freezes the phantom.
The phantom completely resists.
Your white imp gestures at the phantom.
The puff of frost misses the phantom.
Your hound completely misses the phantom.
The phantom closely misses your hound.
Your white imp gestures at the phantom.
The puff of frost hits the phantom.
The phantom resists.
Your hound bites the phantom but does no damage.
Your hound closely misses the phantom.
Your hound barely misses the phantom.
You see here a wand of polymorph (3).
Your white imp disappears in a puff of smoke!
Your hound bites the phantom.
You miss the phantom.
You punch the phantom, but do no damage.
The phantom is moderately damaged.
The phantom hits you but does no damage.
Your hound bites the phantom but does no damage.
You closely miss the phantom.
The phantom is moderately damaged.
Your hound misses the phantom. The phantom barely misses you.
You hit the phantom but do no damage.
The phantom is moderately damaged.
Your hound barely misses the phantom.
The phantom hits you.
* * * LOW HITPOINT WARNING * * *
Your hound barely misses the phantom.
You closely miss the phantom.
The phantom is moderately damaged.
Your hound closely misses the phantom.
The phantom hits you.
* * * LOW HITPOINT WARNING * * *
The phantom blinks!
You blink.
You hit the phantom.
The phantom is heavily damaged.
The phantom hits you.
You die...

######## ##......##
. ##.......)## ...
#......$W..#
....###../.....@.#
.................#
....###..§.h......#
#...####..[.......#
##...###.........##
.##..............##
.W#..###....†.....#
.##..##...........#
##....#.#.........#


You could see a phantom (ally target) and a friendly hound (summoned).

Vanquished Creatures
  2 adders
  A gnoll (D:1)
  A worm (D:2)
  A dart slug (D:1)
  2 orcs (D:3)
  4 endoplasms
  2 giant cockroaches
  5 goblins
  5 hobgoblins
  2 jackals (D:3)
  4 kobolds
  2 quokkas (D:2)
  4 ball pythons
  4 bats
  4 frilled lizards
  2 rats
45 creatures vanquished.

Vanquished Creatures (collateral kills)
  2 scorpions (D:4)
  A jelly (D:4)
  An adder (D:2)
  A worm (D:4)
  2 endoplasms (D:1)
  A giant cockroach (D:3)
  4 goblins
  2 hobgoblins (D:1)
  5 jackals (D:1)
  2 quokkas (D:4)
  4 ball pythons
  A bat (D:1)
  3 kobolds
  A rat (D:1)
30 creatures vanquished.

Vanquished Creatures (others)
  4 toadstools (D:1)
4 creatures vanquished.

Grand Total: 79 creatures vanquished

Notes
Turn   | Place    | Note
-------+----------+-------------------------------------------
     0 | D:1      | keekatzer the Ghoul Summoner began the quest for the Orb.
     0 | D:1      | Reached XP level 1. HP: 14/14 MP: 2/2
    23 | D:1      | Reached skill level 1 in Fighting
   124 | D:1      | Reached XP level 2. HP: 23/24 MP: 0/3
   183 | D:1      | Learned a level 2 spell: Call Imp
   581 | D:1      | Reached XP level 3. HP: 5/30 MP: 0/4
  1739 | D:2      | Found a burning altar of Makhleb.
  1752 | D:2      | Reached XP level 4. HP: 37/37 MP: 1/5
  2199 | D:2      | Learned a level 3 spell: Call Canine Familiar
  3100 | D:3      | Reached XP level 5. HP: 45/45 MP: 3/7
  3174 | D:4      | Reached skill level 4 in Summonings
  3199 | D:4      | Found a runed translucent door.
  3202 | D:4      | Noticed Persephone's ghost (amateur MiHu)
  3206 | D:4      | Found an opulent altar of Gozag.
  3219 | D:4      | Reached XP level 6. HP: 22/51 MP: 5/8
  3245 | D:4      | Slain by a phantom

Illustrated notes

Levels and vault maps discovered:
D:1:      ldierk_water_garden, layout_loops_ring
D:2:      layout_loops_ring, basic_altar
D:3:      minmay_skewed_foursquare, layout_basic, bh_walls_and_bars
D:4:      layout_rooms, lemuel_crystal_altar, hellmonk_ghost_happy_afterlife

Skill      XL: |  1  2  3  4  5 |
---------------+----------------+-----
Fighting       | 1 2 3 |  3.0
Dodging        | 2 |  2.7
Stealth        | 3 |  3.9
Spellcasting   | 2 |  2.5
Summonings     | 4 |  4.5

Action                   |  1- 3 |  4- 6 || total
-------------------------+-------+-------++-------
Melee: Unarmed           |    15 |       ||    15
       Dagger            |   120 |   149 ||   269
       Punch             |     2 |     5 ||     7
 Cast: Summon Small Mamm |    13 |     2 ||    15
       Call Imp          |     8 |     7 ||    15
       Call Canine Famil |       |     3 ||     3
  Use: Potion            |     1 |     1 ||     2
 Stab: Sleeping          |     3 |     5 ||     8
       Distracted        |       |     1 ||     1
Armor: Robe              |    37 |    31 ||    68
Dodge: Dodged            |    92 |    81 ||   173
